 Dungeon Crawl Stone Soup version 0.31.0-32-g396128a36d (webtiles) character file.

Game seed: 17433117025860159983

41 PaiMei the Grave Robber (level 3, -2/25 HPs)
             Began as a Demonspawn Necromancer on Mar 29, 2024.
             Slain by an orc
             ... wielding a +0 trident
              (5 damage)
             ... on level 3 of the Dungeon.
             The game lasted 00:01:30 (1443 turns).

PaiMei the Grave Robber (Demonspawn Necromancer)    Turns: 1443, Time: 00:01:31

Health: -2/25      AC:  3    Str:  8    XL:     3   Next: 32%
Magic:  0/6        EV: 12    Int: 17    God:
Gold:   74         SH:  0    Dex: 13    Spells: 5/6 levels left

rFire   . . .        d - +0 whip
rCold   . . .        (no shield)
rNeg    . . .        a - +0 robe
rPois   .            (no helmet)
rElec   .            i - +0 cloak
rCorr   .            (no gloves)
SInv    .            (no boots)
Will    .....        (no amulet)
Stlth   ++           (no ring)
HPRegen 0.24/turn    (no ring)
MPRegen 0.10/turn

%: no passive effects
@: no status effects
A: demonic touch 2
a: no special abilities


You were on level 3 of the Dungeon.
You visited 1 branch of the dungeon, and saw 3 of its levels.

You collected 74 gold pieces.

Inventory:

Hand Weapons
 d - a +0 whip (weapon)
Missiles
 l - 5 poisoned darts
Armour
 a - a +0 robe (worn)
 i - a +0 cloak (worn)
Wands
 j - a wand of charming (12)
Scrolls
 e - a scroll of blinking {unknown}
 f - a scroll of summoning {unknown}
 k - a scroll of identify {unknown}
Potions
 b - a potion of magic
 c - a potion of cancellation {unknown}
 g - a potion of heal wounds {unknown}
 h - 2 potions of degeneration {unknown}


   Skills:
 + Level 0.9 Fighting
 + Level 2.2 Dodging
 - Level 2.0 Stealth
 + Level 2.4 Spellcasting
 + Level 4.7 Necromancy


You had 5 spell levels left.
You knew the following spells:

 Your Spells              Type           Power      Damage    Failure   Level
a - Necrotise             Necr           72%        1d7       2%          1

Your spell library contained the following spells:

 Spells                   Type           Power      Damage    Failure   Level
 Vampiric Draining        Necr           18%        2d7       8%          3
 Animate Dead             Necr           18%        N/A       26%         4
 Static Discharge         Conj/Air       4%         3-4/arc   28%         2
 Curse of Agony           Necr           18%        N/A       58%         5
 Airstrike                Air            1%         2d(1-17)  88%         4
 Summon Lightning Spire   Summ/Air       2%         N/A       88%         4


Dungeon Overview and Level Annotations

Branches:
Dungeon (2/15)

Altars:
Ashenzari


Innate Abilities, Weirdness & Mutations

Your touch may inflict irresistible damage on your foes.


Message History

You don't have enough magic to cast this spell.
Casting: Necrotise (safe; 2% risk of failure)
Confirm with . or Enter, or press ? or * to list all spells.
You don't have enough magic to cast this spell.
Casting: Necrotise (safe; 2% risk of failure)
Confirm with . or Enter, or press ? or * to list all spells.
You don't have enough magic to cast this spell.
Casting: Necrotise (safe; 2% risk of failure)
Confirm with . or Enter, or press ? or * to list all spells.
You don't have enough magic to cast this spell.
Casting: Necrotise (safe; 2% risk of failure)
Confirm with . or Enter, or press ? or * to list all spells.
You don't have enough magic to cast this spell.
The orc hits you with a +0 short sword.
Things that are here:
a +0 club; a +0 sling You hit the orc but do no damage.
The orc is almost dead.
The orc closely misses you. The orc hits you with a +0 short sword.
You hit the orc.
You kill the orc!
The orc barely misses you.
You hit the orc. Your touch misses the orc.
The orc is moderately wounded.
The orc hits you with a +0 hand axe.
The orc hits you from afar with a +0 trident!
* * * LOW HITPOINT WARNING * * *
Your magical contamination has completely faded away.
You hit the orc.
You touch the orc.
You kill the orc!
The orc hits you from afar with a +0 trident.
* * * LOW HITPOINT WARNING * * *
Casting: Necrotise (safe; 2% risk of failure)
Confirm with . or Enter, or press ? or * to list all spells.
Aiming: Necrotise (safe; 2% risk of failure)
Press: ? - help, Shift-Dir - straight line, f/p - orc
Aim: an orc, wielding a +0 trident (moderately wounded, chance to affect: 88%)
The orc writhes in agony.
The orc hits you from afar with a +0 trident.
You die...

###...# ##.....#
##......# ##
###.......# .
..##.....## #.
#.##.....# ##.#
#.##.....#
#.##...##.##...#.##
....._.@oo........#
#.##...##.#........#
##.# #.##......## #.
#.#........# .
..#......... ##
###.......##
##.....## ##...##


You could see 2 orcs.

Vanquished Creatures
  An adder (D:3)
  A dart slug (D:1)
  4 orcs
  2 ball pythons (D:1)
  A bat (D:3)
  An endoplasm (D:3)
  A giant cockroach (D:1)
  A hobgoblin (D:1)
  3 kobolds (D:1)
  2 quokkas (D:1)
  A frilled lizard (D:1)
  3 goblins
  2 rats (D:2)
23 creatures vanquished.

Notes
Turn   | Place    | Note
-------+----------+-------------------------------------------
     0 | D:1      | PaiMei the Demonspawn Necromancer began the quest for the
                  | Orb.
     0 | D:1      | Reached XP level 1. HP: 13/13 MP: 3/3
   328 | D:1      | Gained mutation: Your touch may inflict minor irresistible
                  | damage on your foes. [demonic ancestry]
   328 | D:1      | Reached XP level 2. HP: 19/19 MP: 0/5
  1156 | D:2      | Found a faded altar of an unknown god.
  1270 | D:2      | You fall into a shaft and drop 1 floor!
  1348 | D:3      | Found a broken altar of Ashenzari.
  1401 | D:3      | Gained mutation: Your touch may inflict irresistible damage
                  | on your foes. [demonic ancestry]
  1401 | D:3      | Reached XP level 3. HP: 25/25 MP: 2/6
  1443 | D:3      | Slain by an orc

Illustrated notes

Levels and vault maps discovered:
D:1:      lightli_arrival_statue_moat, layout_loops_ring
D:2:      cheibrodos_pilgrimage, layout_basic,
          ebering_ecumenical_altar_abandoned, minmay_strange_pillars
D:3:      layout_loops_cross, mainiacjoe_overflow_cross_hatched,
          nicolae_overflow_crystal_walls, nicolae_half_adder

Skill      XL: |  1 |
---------------+----+-----
Dodging        | 2 |  2.2
Stealth        | 2 |  2.0
Fighting       | |  0.9
Spellcasting   | |  2.4
Necromancy     | |  4.7

Action                     || total
---------------------------++-------
  Melee: Whip              ||    10
         Touch             ||     1
   Cast: Necrotise         ||    45
 Armour: Robe              ||    17
  Dodge: Dodged            ||    16
